 Dungeon Crawl Stone Soup version 0.31.0-11-ge490571c62 (webtiles) character file.

Game seed: 3981049132661373577

34 SnakkuSnakku7 the Magician (level 3, -2/29 HPs)
             Began as an Armataur Hedge Wizard on Jan 27, 2024.
             Slain by a gnoll
             ... wielding a +2 spear of freezing
              (9 damage)
             ... on level 2 of the Dungeon.
             The game lasted 00:01:20 (1115 turns).

SnakkuSnakku7 the Magician (Armataur Hedge Wizard)  Turns: 1115, Time: 00:01:20

Health: -2/29      AC:  4    Str: 17    XL:     3   Next: 14%
Magic:  7/7        EV:  9    Int: 14    God:
Gold:   90         SH:  0    Dex:  9    Spells: 6/7 levels left

rFire   . . .        a - +0 flail
rCold   . . .        (no shield)
rNeg    . . .        b - +0 robe
rPois   .            c - +0 hat
rElec   .            (no cloak)
rCorr   .            (no gloves)
SInv    .            (no barding)
Will    .....        (no amulet)
Stlth   ++           (no ring)
HPRegen 0.24/turn    (no ring)
MPRegen 0.10/turn

%: roll
@: no status effects
A: large, deformed body, tough skin 3, armoured tail, roll 1
a: no special abilities


You were on level 2 of the Dungeon.
You visited 1 branch of the dungeon, and saw 2 of its levels.

You collected 90 gold pieces.

Inventory:

Hand Weapons
 a - a +0 flail (weapon)
 e - a +0 dagger
Armour
 b - a +0 robe (worn)
 c - a +0 hat (worn)
Scrolls
 g - a scroll of fog {unknown}
 h - a scroll of identify {unknown}
 i - a scroll of torment {unknown}
 j - 2 scrolls of revelation {unknown}
 k - a scroll of fear {unknown}
 l - a scroll of summoning {unknown}
 m - a scroll of enchant weapon {unknown}
 n - 3 scrolls of noise {unknown}
Potions
 d - a potion of magic
 f - a potion of enlightenment {unknown}
 o - a potion of heal wounds {unknown}
 p - 2 potions of curing {unknown}
 q - a potion of cancellation {unknown}


   Skills:
 + Level 1.6 Fighting
 + Level 1.7 Maces & Flails
 - Level 1.3 Dodging
 - Level 2.1 Stealth
 - Level 2.6 Spellcasting
 - Level 0.8 Conjurations
 - Level 0.7 Summonings
 - Level 1.0 Translocations


You had 6 spell levels left.
You knew the following spells:

 Your Spells              Type           Power      Damage    Failure   Level
a - Magic Dart            Conj           16%        1d3       16%         1

Your spell library contained the following spells:

 Spells                   Type           Power      Damage    Failure   Level
 Slow                     Hex            4%         N/A       22%         1
 Blink                    Tloc           8%         N/A       22%         2
 Call Imp                 Summ           6%         N/A       26%         2
 Cigotuvi's Dreadful Rot  Necr/Alch/Air  2%         N/A       32%         2
 Mephitic Cloud           Conj/Alch/Air  2%         N/A       52%         3


Dungeon Overview and Level Annotations

Branches:
Dungeon (2/15)

Altars:


Innate Abilities, Weirdness & Mutations

Armour fits poorly on your strangely shaped body.
You have extremely tough skin. (AC +3)
You have a long armoured tail.
You regenerate magic when rolling toward enemies. (Rampage MPRegen)


Message History

You see here a ball python corpse.
p - 2 fizzy yellow potions (gained 1)
You see here a ball python corpse.
There is an open door here.
You open the door.
There is an open door here.
You see here a hobgoblin corpse.
You see here a hobgoblin corpse.
Done exploring.
Done exploring.
Done exploring.
There is a stone staircase leading down here.
You climb downwards.
There is a stone staircase leading up here.
There is an open door here.
You see here a bat skeleton.
There is an open door here.
You open the door. 3 gnolls come into view.
A gnoll is wielding a +2 spear of freezing.
The gnoll shouts! x3; You hear a shout!
Found 15 gold pieces.
There are monsters nearby!
There are monsters nearby!
The gnoll attacks as it pursues you! The gnoll barely misses you.
There is an open door here.
The gnoll attacks as it pursues you! The gnoll barely misses you.
The gnoll attacks as it pursues you! The gnoll hits you with a +0 whip!
The gnoll attacks as it pursues you! The gnoll hits you with a +0 whip.
You open the door. The gnoll barely misses you.
The gnoll attacks as it pursues you! The gnoll hits you with a +0 whip.
There is an open door here.
The gnoll attacks as it pursues you!
The gnoll hits you from afar with a +2 spear of freezing.
The gnoll freezes you. The gnoll attacks as it pursues you!
The gnoll hits you with a +0 whip.
* * * LOW HITPOINT WARNING * * *
The gnoll attacks as it pursues you!
The gnoll hits you from afar with a +2 spear of freezing!
You die...

#.##......##.#.#
#.##......##'#.## ######
#.##......#.....# #....#
#.........#.....# #)...#
#########.#.....#########....####
#...#.....'÷...........'..'
#.###.....#########....#### #.#
##+#......####....## #.#
#>...@gg.g.......##### #.#
###.(....#.......#.... ######.#
#......#..÷....#.... #......#
#......#.......#.... #.######
#......#....#....... #.#
#.....##....###.....
#.###########.....####### #...#.
#.##..............# ###...
#.#....#####......# ##..


You could see 3 gnolls.

Vanquished Creatures
  2 dart slugs (D:1)
  3 endoplasms
  A giant cockroach (D:2)
  3 goblins (D:1)
  4 hobgoblins
  5 ball pythons
  5 bats
  4 frilled lizards
  3 kobolds
30 creatures vanquished.

Notes
Turn   | Place    | Note
-------+----------+-------------------------------------------
     0 | D:1      | SnakkuSnakku7 the Armataur Hedge Wizard began the quest for
                  | the Orb.
     0 | D:1      | Reached XP level 1. HP: 14/14 MP: 4/4
    74 | D:1      | You fall into a shaft and drop 1 floor!
   286 | D:2      | Reached skill level 1 in Fighting
   286 | D:2      | Reached skill level 1 in Maces & Flails
   286 | D:2      | Reached XP level 2. HP: 22/23 MP: 5/5
   435 | D:1      | Found a faded altar of an unknown god.
   942 | D:1      | Reached XP level 3. HP: 26/28 MP: 7/7
  1115 | D:2      | Slain by a gnoll

Illustrated notes

Levels and vault maps discovered:
D:1:      scummos_arrival_simple_crosswalls, layout_loops_corners,
          shapermc_ecumenical_altar_mp_highgroup
D:2:      layout_basic

Skill      XL: |  1 |
---------------+----+-----
Fighting       | 1 |  1.6
Maces & Flails | 1 |  1.7
Dodging        | |  1.3
Stealth        | |  2.1
Spellcasting   | |  2.6
Conjurations   | |  0.8
Summonings     | |  0.7
Translocations | |  1.0

Action                     || total
---------------------------++-------
  Melee: Flail             ||    71
         Tailslap          ||     7
   Stab: Sleeping          ||     7
         Distracted        ||     1
 Armour: Robe              ||    60
  Dodge: Dodged            ||    35
